 Dungeon Crawl Stone Soup version 0.22-a0-282-gdd34a7d (webtiles) character file.

74 b5mith the Conjurer (level 4, -7/30 HPs)
             Began as a Human Conjurer on Mar 17, 2018.
             Mangled by an ogre
             ... wielding a +0 giant club
              (29 damage)
             ... on level 2 of the Dungeon.
             The game lasted 00:07:57 (2016 turns).

b5mith the Conjurer (Human Conjurer)                Turns: 2016, Time: 00:07:57

Health: -7/30      AC:  2    Str:  9    XL:     4   Next: 54%
Magic:  16/16      EV: 13    Int: 16    God:
Gold:   149        SH:  0    Dex: 13    Spells: 7/8 levels left

rFire    . . .     SeeInvis .   (no weapon)
rCold    . . .     Gourm    .   (no shield)
rNeg     . . .     Faith    .   a - +0 robe
rPois    .         Spirit   .   (no helmet)
rElec    .         Reflect  .   (no cloak)
rCorr    .         Harm     .   (no gloves)
MR       .....                  (no boots)
Stlth    ++........             (no amulet)
HPRegen  0.10/turn              g - ring of magical power (curse)
MPRegen  0.15/turn              s - ring of wizardry

@: no status effects
A: no striking features
a: no special abilities


You were on level 2 of the Dungeon.
You were not hungry.

You visited 1 branch of the dungeon, and saw 3 of its levels.

You collected 149 gold pieces.

Inventory:

Missiles
 v - 5 tomahawks (quivered)
Armour
 a - a +0 robe (worn)
 u - a +0 robe
Jewellery
 g - a cursed ring of magical power (left hand)
 s - a ring of wizardry (right hand)
Wands
 m - a wand of flame (26)
Scrolls
 f - 3 scrolls of identify {unknown}
 h - 2 scrolls of enchant armour {unknown}
 i - a scroll of fear {unknown}
 j - 2 scrolls of magic mapping {unknown}
 k - a scroll of immolation {unknown}
 t - a scroll of amnesia {unknown}
Potions
 d - a potion of might {unknown}
 e - a potion of heal wounds {unknown}
 l - 2 potions of invisibility {unknown}
 n - a potion of mutation {unknown}
 o - 2 potions of agility {unknown}
 p - a potion of magic {unknown}
 q - a potion of brilliance {unknown}
 r - a potion of curing {unknown}
Comestibles
 b - 3 chunks of flesh
 c - 3 rations


   Skills:
 + Level 2.7 Dodging
 + Level 2.9 Stealth
 + Level 2.6 Spellcasting
 + Level 4.4 Conjurations


You had 7 spell levels left.
You knew the following spells:

 Your Spells              Type           Power        Failure   Level  Hunger
a - Magic Dart            Conj           ###.         1%          1    #......


Dungeon Overview and Level Annotations

Branches:
Dungeon (3/15)

Altars:
Ashenzari


Message History

There is an open door here.
The ogre misses you.
There is a fountain of clear blue water here.
You see here a hobgoblin corpse.
There is an open door here.
You see here 17 stones.
You open the door.
There is an open door here.
There is an open door here.
Some of the chunks of flesh in your inventory have rotted away.
The ogre closely misses you.
There is a stone staircase leading up here.
The ogre barely misses you.
You climb upwards.
There is a stone staircase leading down here.
You see here a mace.
The ogre misses you. The ogre hits you with a giant club!!
Ouch! That really hurt!
You die...

#....#.#
#......################
....#####......##.....#
....# #......##.....#
....# #.............#
#...# #.......###.###
....# ###......##...#
....# #........#.O###
..#.###.#.....)#@##
..#...#.#......#.###
...#....#..........#
.#.##.........>....#
.#(...รท...........##
###..#......##.##.##
##..........#..##..#
#.............####.##
....#...............##


You could see an ogre.

Vanquished Creatures
  3 adders
  An ooze (D:3)
  A worm (D:3)
  2 dart slugs (D:3)
  A leopard gecko (D:3)
  An orc (D:3)
  5 goblins
  5 hobgoblins
  4 kobolds
  2 ball pythons (D:2)
  4 bats
  3 frilled lizards
  3 rats
35 creatures vanquished.

Notes
Turn   | Place    | Note
-------+----------+-------------------------------------------
     0 | D:1      | b5mith the Human Conjurer began the quest for the Orb.
     0 | D:1      | Reached XP level 1. HP: 13/13 MP: 3/3
   402 | D:1      | Found a shattered altar of Ashenzari.
   531 | D:1      | Reached XP level 2. HP: 19/19 MP: 5/5
  1104 | D:2      | Reached XP level 3. HP: 24/24 MP: 6/6
  1674 | D:3      | Reached XP level 4. HP: 28/30 MP: 7/7
  1897 | D:3      | Noticed an ogre
  2016 | D:2      | Mangled by an ogre

Vault maps used:
D:1:      onia_arrival_mini_spirals, ashenzari_altar_1
D:3:      kennysheep_generic_room_16

Action                   |  1- 3 |  4- 6 || total
-------------------------+-------+-------++-------
Melee: Unarmed           |    13 |       ||    13
 Cast: Magic Dart        |    62 |    26 ||    88
  Eat: Chunk             |     3 |     1 ||     4
Armor: Robe              |    11 |       ||    11
Dodge: Dodged            |    21 |     4 ||    25

Table legend:
 A = Spawn XP
 B = Non-spawn XP
 C = Spawn XP percentage of total XP
 D = Spawn monster count
 E = Non-spawn monster count
 F = Spawn count percentage of total count
 G = Total turns spent on level
                    A         B        C        D         E        F      G
               +---------+---------+-------+---------+---------+-------+---------
         Total |       0 |     107 |   0.0 |       0 |      35 |   0.0 |  2016
               +---------+---------+-------+---------+---------+-------+---------
           D:1 |       0 |      16 |   0.0 |       0 |      11 |   0.0 |   961
           D:2 |       0 |      26 |   0.0 |       0 |      10 |   0.0 |   631
           D:3 |       0 |      65 |   0.0 |       0 |      14 |   0.0 |   424
               +---------+---------+-------+---------+---------+-------+---------
